 Dungeon Crawl Stone Soup version 0.23.1 (webtiles) character file.

Game seed: 15686505572452646070

65 Descartes the Skirmisher (level 4, 0/26 HPs)
             Began as a Vine Stalker Wanderer on Mar 17, 2019.
             Succumbed to an adder's poison
             ... on level 2 of the Dungeon.
             The game lasted 00:03:58 (1083 turns).

Descartes the Skirmisher (Vine Stalker Wanderer)    Turns: 1083, Time: 00:03:58

Health: 0/26       AC:  8    Str: 14    XL:     4   Next: 14%
Magic:  0/5        EV:  9    Int: 10    God:
Gold:   62         SH:  4    Dex: 17    Spells: 3/3 levels left

rFire    . . .     SeeInvis .   h - +0 spear
rCold    . . .     Gourm    .   c - +0 buckler
rNeg     . . .     Faith    .   a - +2 scale mail
rPois    .         Spirit   +   (no helmet)
rElec    .         Reflect  .   (no cloak)
rCorr    .         Harm     .   (no gloves)
MR       .....                  (no boots)
Stlth    +.........             (no amulet)
HPRegen  0.48/turn              (no ring)
MPRegen  0.09/turn              (no ring)

@: lethally poisoned (0 -> -1), invisible
A: fangs 2, regeneration 1, magic shield, antimagic bite, no potion heal 3, rot
immunity
a: no special abilities


You were on level 2 of the Dungeon.
You were not hungry.

You visited 1 branch of the dungeon, and saw 2 of its levels.

You collected 62 gold pieces.

Inventory:

Hand Weapons
 b - a +0 mace
 h - a +0 spear (weapon)
Missiles
 e - 2 throwing nets (quivered)
 l - 24 bolts
 n - 11 sling bullets
Armour
 a - a +2 scale mail (worn)
 c - a +0 buckler (worn)
Scrolls
 i - a scroll of remove curse {unknown}
 m - 4 scrolls of identify {unknown}
Potions
 g - a potion of agility {unknown}
 j - a potion of invisibility
 k - a potion of curing {unknown}
Comestibles
 d - 5 rations
 f - 4 chunks of flesh


   Skills:
 + Level 4.6 Fighting
   Level 1.0 Crossbows
 * Level 2.1 Armour
 * Level 1.1 Dodging
 - Level 1.2 Stealth
 * Level 1.7 Shields
 * Level 1.7 Unarmed Combat


You had 3 spell levels left.
You didn't know any spells.
Your spell library was empty.

Dungeon Overview and Level Annotations

Branches:
Dungeon (2/15)

Altars:


Innate Abilities, Weirdness & Mutations

You have extremely sharp teeth.
Your natural rate of healing is unusually fast.
When hurt, damage is shared between your health and your magic reserves.
Your bite disrupts and absorbs the magic of your enemies.
Potions cannot restore your health.
You are immune to rotting.


Message History

The gnoll hits you from afar with a +0 spear!
* * * LOW HITPOINT WARNING * * *
You block the adder's attack.
You miss the adder.
The adder is almost dead.
* * * LOW HITPOINT WARNING * * *
You feel sick. The adder bites you but does no damage.
The gnoll hits you from afar with a +0 spear.
* * * LOW HITPOINT WARNING * * *
You closely miss the adder. You bite the adder.
You kill the adder!
You have reached level 4!
You feel agile.
You begin to heal more quickly.
The bat hits you but does no damage.
The gnoll hits you from afar with a +0 spear.
* * * LOW HITPOINT WARNING * * *
It was a potion of invisibility.
You fade into invisibility!
You die...

#.#.....#.######...#####....
#.#.......#.>...........##.
...>.......................
#.#.......#.....K.......#...
#.#.#...## #####...###### .
#gr.b...# #w#...#.....
#b#...(.#### #@#...##...
#.#..#wl... #g#.#.#.K..
.bg.#..#l. ##.#... #. .# .#
.#


You could see 2 gnolls, a dart slug, a goblin, 2 bats and a rat.

Vanquished Creatures
  2 adders (D:2)
  An ooze (D:1)
  A dart slug (D:1)
  2 leopard geckos (D:1)
  5 bats
  3 giant cockroaches (D:2)
  7 hobgoblins
  6 jackals (D:1)
  A quokka (D:2)
  2 frilled lizards (D:1)
  2 goblins (D:1)
  2 kobolds
  3 rats
37 creatures vanquished.

Notes
Turn   | Place    | Note
-------+----------+-------------------------------------------
     0 | D:1      | Descartes the Vine Stalker Wanderer began the quest for the
                  | Orb.
     0 | D:1      | Descartes set off with the following items: a +2 scale
                  | mail, a +0 mace, a +0 buckler, a ration
     0 | D:1      | Reached XP level 1. HP: 14/14 MP: 2/2
   320 | D:1      | Reached XP level 2. HP: 15/18 MP: 3/3
   446 | D:1      | Reached skill level 1 in Unarmed Combat
   478 | D:1      | Reached XP level 3. HP: 21/21 MP: 4/4
   705 | D:1      | Reached skill level 1 in Dodging
  1082 | D:2      | Gained mutation: Your natural rate of healing is unusually
                  | fast. [Vine Stalker growth]
  1082 | D:2      | Reached XP level 4. HP: 2/26 MP: 0/5
  1082 | D:2      | HP: 1/26 [gnoll/+0 spear (2)]
  1083 | D:2      | Succumbed to an adder's poison

Skill      XL: |  1  2  3 |
---------------+----------+-----
Unarmed Combat | 1 |  1.7
Dodging        | 1 |  1.1
Armour         | 2 |  2.1
Fighting       | |  4.6
Crossbows      | |  1.0
Stealth        | |  1.2
Shields        | |  1.7

Action                   |  1- 3 |  4- 6 || total
-------------------------+-------+-------++-------
Melee: Spear             |   132 |       ||   132
       Bite              |    39 |       ||    39
       Mace              |     5 |       ||     5
  Use: Potion            |       |     1 ||     1
  Eat: Chunk             |     1 |       ||     1
Armor: Scale mail        |    69 |     1 ||    70
Dodge: Dodged            |    56 |       ||    56
Block: Buckler           |    17 |       ||    17
